Map: Shrines of Lizul

Players

HellisH - Winner!

  • Race: Terran Terran
  • Spawn Location: 3:00

PureLegacy - Winner!

  • Race: Terran Terran
  • Spawn Location: 12:00

Tori

  • Race: Zerg Zerg
  • League: Gold
  • Spawn Location: 6:00

AQUILA

  • Race: Terran Terran
  • League: Diamond
  • Spawn Location: 9:00

VOD

Have the link to the VOD?

Description

Time

  • Played on: Dec. 2, 2018, 11:11 p.m.
  • Length: 3:28
Show
View Real Time Build Order
Export as new Build Order

HellisH Terran - Winner!

Build Orders:  

Get SALT Encoding   

  12  0:01  SCV  
  13  0:13  SCV  
  14  0:18  Supply Depot  
  14  0:25  SCV  
  15  0:30  Refinery  
  15  0:39  SCV  
  16  0:46  Barracks  
  16  0:51  SCV  
  17  0:59  Refinery  
  17  1:03  SCV  
  18  1:15  SCV  
  19  1:25  Supply Depot  
  19  1:28  SCV  
  20  1:35  Factory  
  20  1:39  Barracks Reactor  
  20  1:40  SCV  
  21  1:53  Orbital Command  
  21  2:07  Factory  
  21  2:28  Widow Mine x2  
  21  2:29  Barracks Tech Lab  
  25  2:37  SCV  
  25  2:38  Supply Depot  
  33  3:13  SCV  
  33  3:16  Supply Depot  
Show
View Real Time Build Order
Export as new Build Order

PureLegacy Terran - Winner!

Build Orders:  

Get SALT Encoding   

  12  0:01  SCV  
  13  0:13  SCV  
  14  0:18  Supply Depot  
  14  0:25  SCV  
  15  0:29  Refinery  
  15  0:40  SCV  
  16  0:46  Barracks  
  16  0:52  SCV  
  17  1:07  Barracks  
  17  1:17  Barracks  
  17  1:21  SCV  
  18  1:33  Reaper  
  19  1:40  Orbital Command  
  19  1:48  Refinery  
  19  1:55  Reaper  
  20  2:01  Supply Depot  
  20  2:06  Reaper  
  20  2:08  Reaper  
  22  2:12  SCV  
  23  2:24  SCV  
  23  2:27  Supply Depot  
  23  2:29  Reaper  
  25  2:36  SCV  
  26  2:38  Reaper  
  27  2:45  Reaper  
  28  3:07  SCV  
  30  3:14  Command Center  
Show
View Real Time Build Order
Export as new Build Order

Tori Zerg 

Build Orders: Pool First 

Get SALT Encoding   

  12  0:02  Drone  
  13  0:13  Overlord  
  13  0:18  Drone  
  14  0:38  Spawning Pool  
  13  0:45  Drone x2  
  15  0:50  Drone  
  15  0:56  Drone  
  17  1:28  Hatchery  
  17  1:31  Drone x3  
  19  1:44  Extractor  
  18  1:47  Queen  
  20  1:55  Overlord  
  20  1:56  Drone  
  21  2:08  Spine Crawler  
  20  2:22  Zergling x4  
  22  2:23  Queen  
  22  2:27  Zergling x2  
  25  2:42  Queen  
  25  2:43  Drone  
  28  2:55  Zergling x2  
  28  2:56  Drone x2  
  31  3:02  Spine Crawler  
  30  3:06  Overlord x2  
Show
View Real Time Build Order
Export as new Build Order

AQUILA Terran 

Build Orders:  

Get SALT Encoding   

  12  0:00  SCV  
  13  0:13  SCV  
  14  0:18  Supply Depot  
  14  0:27  Refinery  
  14  0:28  SCV  
  15  0:42  SCV  
  16  0:51  Barracks  
  16  0:58  SCV  
  17  1:14  SCV  
  18  1:28  SCV  
  19  1:44  Barracks Reactor  
  19  1:47  Factory  
  19  1:49  Orbital Command  
  19  1:52  Supply Depot  
  19  2:13  Supply Depot  
  19  2:17  SCV  
  19  2:21  Marine x2  
  21  2:33  Hellion  
  21  2:42  Marine  
  21  2:43  Marine  
  22  2:44  SCV  
  18  3:05  Marine x2  
  16  3:08  SCV  
Tags
 
Add a new tag
Caveats
  • Supply blocks, unpowered buildings, or Contaminate may cause inaccurate times.
  • Supply counts are checked every 10 seconds.